[Event "45th FIDE Olympiad 2024"]
[Site "Budapest"]
[Date "2024.09.11"]
[Round "1.6"]
[White "Gabriel, Sixtus"]
[Black "Nielsen, Hogni Egilstoft"]
[Result "0-1"]
[ECO "C45"]
[WhiteElo "1800"]
[BlackElo "2379"]
[Annotator "ChessBase"]
[PlyCount "88"]
[EventDate "2024.09.05"]
[EventType "team-tourn"]
[EventCountry "HUN"]
[SourceTitle "playchess.com"]
[Source "ChessBase"]
[SourceQuality "1"]
[WhiteTeam "Saint Lucia"]
[BlackTeam "Faroe Islands"]
[BlackTeamCountry "FAI"]
[TimeControl "40/5400+30:1800+30"]

1. e4 e5 2. Nf3 Nc6 3. d4 exd4 4. Nxd4 Nf6 5. Nxc6 bxc6 6. e5 Qe7 7. Qe2 Nd5 8. c4 Nb6 9. Nc3 a5 10. f4 a4 11. Be3 Qe6 12. Kf2 Be7 13. Qd3 O-O 14. Be2 f6 15. exf6 Bxf6 16. Rhe1 Rb8 17. Rad1 d6 18. Bd4 Bxd4+ 19. Qxd4 c5 20. Qd3 Bb7 21. Nd5 Nxd5 22. Bf3 Nxf4 23. Rxe6 Nxd3+ 24. Rxd3 Bxf3 25. gxf3 Rxb2+ 26. Re2 Rxe2+ 27. Kxe2 Rf4 28. Rc3 Rd4 29. Ke3 Kf7 30. Rc2 Ke6 31. Rg2 g6 32. Rg4 Rxg4 33. fxg4 Ke5 34. h4 c6 35. h5 g5 36. h6 d5 37. a3 dxc4 38. Kd2 Kd4 39. Kc2 c3 40. Kc1 Kd3 41. Kd1 c2+ 42. Kc1 c4 43. Kb2 Kd2 44. Ka2 c3 0-1

[Event "45th FIDE Olympiad 2024"]
[Site "Budapest"]
[Date "2024.09.11"]
[Round "1.7"]
[White "Egilstoft, Rogvi"]
[Black "James, Justin"]
[Result "1-0"]
[ECO "B22"]
[WhiteElo "2278"]
[BlackElo "1745"]
[Annotator "ChessBase"]
[PlyCount "77"]
[EventDate "2024.09.05"]
[EventType "team-tourn"]
[EventCountry "HUN"]
[SourceTitle "playchess.com"]
[Source "ChessBase"]
[SourceQuality "1"]
[WhiteTeam "Faroe Islands"]
[BlackTeam "Saint Lucia"]
[WhiteTeamCountry "FAI"]
[TimeControl "40/5400+30:1800+30"]

1. e4 c5 2. c3 d5 3. exd5 Qxd5 4. d4 Nc6 5. Nf3 Bg4 6. dxc5 Qxd1+ 7. Kxd1 Nf6 8. Be2 a5 9. Be3 Nd5 10. Nd4 Bxe2+ 11. Kxe2 e6 12. Nxc6 bxc6 13. Nd2 Nxe3 14. fxe3 Bxc5 15. Rad1 O-O 16. Nc4 g6 17. Rd7 a4 18. Rhd1 Ba7 19. h3 Bb8 20. Rb7 h5 21. Nb6 Ra7 22. Rxa7 Bxa7 23. Nxa4 Rb8 24. Rd7 Bb6 25. Rd6 Bc7 26. Rxc6 Bg3 27. b3 Kf8 28. c4 Ke7 29. Ra6 Rb7 30. c5 Bc7 31. Kd3 f5 32. Kc4 g5 33. b4 h4 34. b5 g4 35. b6 Bg3 36. Ra7 Rd7 37. c6 Rxa7 38. bxa7 gxh3 39. gxh3 1-0

[Event "45th FIDE Olympiad 2024"]
[Site "Budapest"]
[Date "2024.09.11"]
[Round "1.7"]
[White "Arias, Daniel"]
[Black "Berkes, Ferenc"]
[Result "0-1"]
[ECO "B12"]
[WhiteElo "2213"]
[BlackElo "2605"]
[Annotator "TA"]
[PlyCount "74"]
[EventDate "2024.09.05"]
[EventType "team-tourn"]
[EventCountry "HUN"]
[SourceTitle "playchess.com"]
[Source "ChessBase"]
[SourceQuality "1"]
[WhiteTeam "El Salvador"]
[BlackTeam "Hungary"]
[WhiteTeamCountry "ESA"]
[BlackTeamCountry "HUN"]
[TimeControl "40/5400+30:1800+30"]

1. e4 c6 2. d4 d5 3. e5 Bf5 4. Nf3 e6 5. Be2 Ne7 6. O-O h6 7. a4 a5 8. Na3 Bh7 9. c4 {[%emt 0:06:37] White is slightly better.} Na6 10. Bd2 Nb4 11. Rc1 (11. c5 $5) 11... dxc4 12. Nxc4 Ned5 13. Qb3 Be7 14. Rfd1 O-O 15. Bf1 (15. Ne1 $11) 15... Bg6 $15 16. g3 Kh8 17. Be1 Bh5 18. Bg2 b5 19. Bxb4 Nxb4 ({Reject} 19... axb4 20. axb5 cxb5 21. Ne3 $11) 20. Ne3 (20. Nd6 $15) 20... Qb6 21. axb5 cxb5 22. g4 (22. Qc3 $1 $15) 22... Bg6 $36 {[%emt 0:01:07][%mdl 2048] White is under strong pressure.} 23. d5 a4 24. Qc3 exd5 {[%emt 0:00:06] Black is more active.} (24... Nxd5 $17 25. Nxd5 exd5) 25. Qc7 Bd8 (25... Qxc7 {simplifies} 26. Rxc7 Bd8 27. Rb7 Bg5) 26. Qxb6 (26. Qc3 $1 $11 {keeps the balance.} Be7 27. Nh4) 26... Bxb6 27. Nxd5 (27. Nf5 $17 {was worth a try.}) 27... Nxd5 $19 28. Rxd5 Rfc8 29. Rf1 (29. Rxc8+ Rxc8 30. h4 (30. Rxb5 $2 {perishes.} Rc1+ 31. Bf1 Rxf1+ 32. Kg2 Rxf2+ 33. Kg3 Be4 $19) 30... b4 $19) (29. Rdd1 {keeps fighting.}) 29... Rab8 30. Nh4 {[%emt 0:00:31] [#]} Bc2 31. Rd7 Bb3 {[%emt 0:00:47] aiming for ...Rc2. A strong pair of Bishops.} 32. Nf5 (32. Be4 $142) 32... Rc2 {[%emt 0:05:00] Black is clearly winning.} 33. Nd6 Rxb2 34. Nxf7+ Kg8 35. Nd6 a3 {[%emt 0:01:29][%cal Ob2f2] Strongly threatening ...Rxf2!} 36. Nxb5 a2 {[%emt 0:00:12][%cal Ob6f2] ...Bxf2+! is the strong threat.} 37. Nc3 {[%emt 0:00:32] [#]} Rxf2 $1 {[%emt 0:00:43][%mdl 512] Weighted Error Value: White=0.48/Black=0.13 (very precise) .  Mistake:       	White=7     	Black=1      Inaccurate:     	White=3     	Black=3      OK:         	White=6     	Black=10     Best:        	---       	Black=2} 0-1

[Event "45th FIDE Olympiad 2024"]
[Site "Budapest"]
[Date "2024.09.11"]
[Round "1.8"]
[White "Gledura, Benjamin"]
[Black "Morales, Carlos"]
[Result "1-0"]
[ECO "A28"]
[WhiteElo "2628"]
[BlackElo "2131"]
[Annotator "TA"]
[PlyCount "100"]
[EventDate "2024.09.05"]
[EventType "team-tourn"]
[EventCountry "HUN"]
[SourceTitle "playchess.com"]
[Source "ChessBase"]
[SourceQuality "1"]
[WhiteTeam "Hungary"]
[BlackTeam "El Salvador"]
[WhiteTeamCountry "HUN"]
[BlackTeamCountry "ESA"]
[TimeControl "40/5400+30:1800+30"]

1. c4 e5 2. Nc3 Nf6 3. Nf3 Nc6 4. e3 Bb4 5. Qc2 O-O 6. Nd5 Re8 7. a3 Bf8 (7... e4 $5) 8. Qf5 Nxd5 9. cxd5 {[%emt 0:00:12][%cal Of3g5] [#] Strongly threatening Ng5!} d6 10. Qc2 {[%emt 0:00:21] Black is slightly better.} Ne7 11. Bc4 Bf5 12. e4 Bg4 13. Qb3 Rb8 14. a4 (14. O-O $11 {remains equal.}) 14... Ng6 (14... c6 $17 {White should prevent ...cxd5.} 15. O-O Bh5) 15. h3 $11 Bd7 16. g3 {[%emt 0:07:03] Inhibits Nf4.} a5 ({Black should try} 16... a6 $15) 17. d3 Be7 18. Bd2 b6 19. h4 Nf8 20. Rc1 Bg4 21. Nh2 Bd7 22. Nf1 Ra8 23. Be3 Bc8 24. Bb5 Nd7 25. Bc6 Ra7 26. Nd2 Rf8 27. Nc4 Ba6 28. Nxa5 {[%emt 0:04:15] White is much more active. White stays focused until the end.} Nc5 (28... Nb8 $1 $14) 29. Bxc5 $16 dxc5 30. Nc4 $36 {[%emt 0:00:12][%mdl 2048] White is really pushing.} Bxc4 31. dxc4 Bd6 {[%emt 0:00:42] Black is weak on the light squares} 32. Qe3 Qf6 33. b3 h6 34. Kd2 Qg6 35. Rhf1 Qg4 36. Rce1 Be7 37. Kc2 Ra6 38. Qe2 Qg6 39. Qd3 Ra5 (39... Qg4 $16 40. f4 Bd6) 40. f4 $18 exf4 41. Rxf4 f6 42. e5 {[%emt 0:00:00] Against Bd6} Qxd3+ 43. Kxd3 fxe5 44. Rxf8+ ({But not} 44. Rxe5 $6 Rxf4 45. gxf4 Bxh4 $16) 44... Bxf8 45. Rxe5 {[%emt 0:00:00][%mdl 4096] Endgame. KRB-KRB} Bd6 46. Re3 Ra7 47. Ke4 Kf7 $2 {[%emt 0:00:00] [#]} (47... Be7 48. h5 Kf7) 48. Rf3+ Ke7 (48... Kg6 {might work better.} 49. g4 (49. Be8+ Kh7 $18) 49... Bh2) 49. g4 g5 50. hxg5 hxg5 {[%emt 0:00:00] Weighted Error Value: White=0.11 (very precise) /Black=0.32.  Mistake:       	White=1     	Black=6      Inaccurate:     	White=3     	Black=7      OK:         	White=17    	Black=11     Best:        	White=3     	Black=1} 1-0

[Event "45th FIDE Olympiad 2024"]
[Site "Budapest"]
[Date "2024.09.11"]
[Round "1.8"]
[White "Elizee, Kaieem"]
[Black "Apol, Luitjen Akselsson"]
[Result "0-1"]
[ECO "D00"]
[WhiteElo "1701"]
[BlackElo "2219"]
[Annotator "ChessBase"]
[PlyCount "42"]
[EventDate "2024.09.05"]
[EventType "team-tourn"]
[EventCountry "HUN"]
[SourceTitle "playchess.com"]
[Source "ChessBase"]
[SourceQuality "1"]
[WhiteTeam "Saint Lucia"]
[BlackTeam "Faroe Islands"]
[BlackTeamCountry "FAI"]
[TimeControl "40/5400+30:1800+30"]

1. d4 Nf6 2. Nf3 g6 3. Nc3 d5 4. Bf4 Bg7 5. e3 O-O 6. Be2 c5 7. dxc5 Qa5 8. Qd2 Qxc5 9. O-O-O Qb6 10. Ne5 Nc6 11. Bf3 Rd8 12. Nxc6 bxc6 13. e4 Be6 14. exd5 Nxd5 15. Bxd5 cxd5 16. h4 d4 17. Ne4 d3 18. Nc3 Rac8 19. h5 Bxc3 20. bxc3 Bxa2 21. Qe3 d2+ 0-1

[Event "45th FIDE Olympiad 2024"]
[Site "Budapest"]
[Date "2024.09.11"]
[Round "1.9"]
[White "Praggnanandhaa, R."]
[Black "Tissir, Mohamed"]
[Result "1-0"]
[ECO "B66"]
[WhiteElo "2750"]
[BlackElo "2355"]
[Annotator "TA"]
[PlyCount "60"]
[EventDate "2024.09.05"]
[EventType "team-tourn"]
[EventCountry "HUN"]
[SourceTitle "playchess.com"]
[Source "ChessBase"]
[SourceQuality "1"]
[WhiteTeam "India"]
[BlackTeam "Morocco"]
[WhiteTeamCountry "IND"]
[BlackTeamCountry "MAR"]
[TimeControl "40/5400+30:1800+30"]

1. e4 c5 2. Nf3 d6 3. d4 cxd4 4. Nxd4 Nf6 5. Nc3 Nc6 6. Bg5 e6 7. Qd2 a6 8. Nxc6 bxc6 9. O-O-O {[%emt 0:00:08][%cal Oe4e5,Ba1d1,Bd1d3,Bd3h3,Bh3g3][%mdl 32] aiming for e5!} Be7 10. Bxf6 {[%emt 0:00:14] White has an edge.} gxf6 11. Bc4 O-O {[%emt 0:24:21] Black is weak on the light squares} 12. Qh6 {[%emt 0:02:25] Rd3 would now be deadly.} Kh8 $1 13. Rd3 {[%emt 0:01:11] White wants to mate with Rh3.} Rg8 14. Rh3 $40 {[%emt 0:00:55][%csl Gh3][%cal Rh6h7][%mdl 128] Black needs to defend precisely.} Rg7 15. f4 Qg8 16. Rg3 Rb8 17. Qh5 Rb4 (17... Rg6 {simplifies} 18. Rxg6 fxg6 19. Qe2 a5) 18. Bd3 c5 (18... Rb8 $14) 19. a3 Rb8 20. Rf1 {[%emt 0:05:38][%cal Bh1f1,Bf1f3,Bf3g3][%mdl 32] White has more active pieces.} Rg6 21. Rff3 (21. Rxg6 {simplifies} fxg6 22. Qe2 a5 23. Bc4) 21... Qg7 22. Rh3 $1 Bb7 (22... Rxg2 $2 23. Rfg3 Rxg3 24. Rxg3 $18) 23. Rfg3 {[%emt 0:02:16] Repels f5} Rg8 (23... Bf8 $142) 24. Kb1 $16 a5 {[%emt 0:01:34] [#]} 25. f5 $1 Rxg3 26. hxg3 exf5 {[%emt 0:01:42] [#]} 27. Nd5 $1 ({Not} 27. exf5 d5 $11 (27... Bxg2 $2 {is the wrong capture.} 28. Rh2 $18)) (27. Qxf5 Bc8 28. Qd5 Bxh3 29. gxh3 Qxg3 30. Qxf7 Qg7 $15) 27... Bxd5 28. exd5 Re8 $2 (28... Qg6) 29. Bxf5 $18 h6 30. Qe2 ({And not} 30. Qxh6+ Qxh6 31. Rxh6+ Kg7 32. Rh7+ Kg8 $11) 30... Qf8 {[%emt 0:00:00] Weighted Error Value: White=0.05 (flawless) /Black=0.33.  Mistake:       	---       	Black=3      Inaccurate:     	White=2     	Black=3      OK:         	White=9     	Black=7      Strong:       	White=2     	Black=1} 1-0

[Event "45th FIDE Olympiad 2024"]
[Site "Budapest"]
[Date "2024.09.11"]
[Round "1.10"]
[White "Elbilia, Jacques"]
[Black "Erigaisi, Arjun"]
[Result "0-1"]
[ECO "E44"]
[WhiteElo "2343"]
[BlackElo "2778"]
[Annotator "TA"]
[PlyCount "80"]
[EventDate "2024.09.05"]
[EventType "team-tourn"]
[EventCountry "HUN"]
[SourceTitle "playchess.com"]
[Source "ChessBase"]
[SourceQuality "1"]
[WhiteTeam "Morocco"]
[BlackTeam "India"]
[WhiteTeamCountry "MAR"]
[BlackTeamCountry "IND"]
[TimeControl "40/5400+30:1800+30"]

1. d4 Nf6 2. c4 e6 3. Nc3 Bb4 4. e3 b6 5. Nge2 Ne4 6. Bd2 Nxd2 7. Qxd2 O-O 8. a3 Be7 9. g3 Bb7 {[%emt 0:06:09] Prevents Bg2} 10. e4 Nc6 11. Qd3 {[%emt 0:13:01] The position is equal.} Ba6 12. b4 {[%emt 0:15:38] Inhibits Na5. aiming for b5.} Bxb4 13. axb4 $18 Nxb4 14. Qb1 c5 {[%emt 0:00:10] [#]} 15. Rxa6 $2 Nxa6 $11 16. d5 Nb4 17. Bg2 exd5 18. Nxd5 Nxd5 19. exd5 (19. cxd5 d6 $18) 19... Re8 20. Qd3 {[%emt 0:00:12][%mdl 1024] White has compensation.} b5 $1 $132 {[%emt 0:01:00][%mdl 2048] And now ...Qa5+ would win. Black is not keeping still} 21. O-O {[%emt 0:02:03] With the idea d6.} b4 {[%emt 0:00:11] ...a5 is the strong threat.} 22. d6 Rb8 23. Nf4 (23. Nc1 $1 $11 {is superior.}) 23... Qf6 (23... a5 $15) 24. Qb3 (24. Bh3 $11) 24... Qxd6 25. Bd5 Qa6 26. Rd1 Re7 ({Better is} 26... Qa3 $15 27. Qb1 Qc3) 27. Kg2 Qa3 28. Qb1 b3 {[%emt 0:00:43] Threatens to win with ...b2.} 29. Qf5 (29. Be4 $11) 29... Qa6 30. Nd3 Qf6 31. Qxf6 gxf6 32. Kf3 {[%emt 0:00:06] [#] Inhibits Re2.} (32. Kf1 $17) 32... b2 $1 $19 33. Rb1 Rb3 34. Be4 {[%emt 0:02:34] [#]} d5 $1 35. cxd5 c4 36. Rxb2 Ra3 (36... Rxd3+ $2 37. Bxd3 cxd3 38. Rd2 $18) (36... f5 37. Bxf5 Reb7 38. Rd2 $19 (38. Rxb3 $2 Rxb3 39. d6 Kf8 $19)) 37. Rd2 ({But not} 37. Rb8+ Kg7 38. g4 (38. d6 $2 Rd7 $19) 38... cxd3 $19) (37. Kf4 {was necessary.} cxd3 38. f3) 37... Kg7 (37... cxd3 38. Bxd3 Rd7 39. Kg2 $17) 38. Kf4 ({Much weaker is} 38. d6 Rd7 39. g4 cxd3 40. Bxd3 f5 (40... Rxd6 $2 41. Ke2 $19)) 38... cxd3 39. Bf5 $2 (39. f3) 39... Ra4+ 40. Kf3 Re5 {[%emt 0:00:19][%csl LRd5,LRf5] Quite a comeback for Black.   Weighted Error Value: White=0.53/Black=0.18 (very precise) .  Loses game:     	White=1     	Black=1      Missed win:     	White=1     	---        Mistake:       	White=5     	Black=2      Inaccurate:     	White=2     	Black=1      OK:         	White=10    	Black=14     Best:        	White=5     	Black=1      Strong:       	---       	Black=2} 0-1

[Event "45th FIDE Olympiad 2024"]
[Site "Budapest"]
[Date "2024.09.11"]
[Round "1.11"]
[White "Vidit, Santosh Gujrathi"]
[Black "Ouakhir, Mehdi Pierre"]
[Result "1-0"]
[ECO "C62"]
[WhiteElo "2720"]
[BlackElo "2191"]
[Annotator "TA"]
[PlyCount "55"]
[EventDate "2024.09.05"]
[EventType "team-tourn"]
[EventCountry "HUN"]
[SourceTitle "playchess.com"]
[Source "ChessBase"]
[SourceQuality "1"]
[WhiteTeam "India"]
[BlackTeam "Morocco"]
[WhiteTeamCountry "IND"]
[BlackTeamCountry "MAR"]
[TimeControl "40/5400+30:1800+30"]

1. e4 e5 2. Nf3 Nc6 3. Bb5 d6 4. d4 Bd7 5. Bxc6 Bxc6 6. Nc3 Nf6 7. Qe2 exd4 8. Nxd4 Bd7 9. Bf4 {[%emt 0:00:57] White is better.} Be7 10. O-O-O O-O 11. Rhg1 b5 12. Ndxb5 {[%emt 0:05:52] White has more active pieces.} Re8 13. g4 $1 Rb8 14. Nd4 {[%emt 0:12:25] Threatens to win with g5.} (14. Nxa7 Bf8) 14... Qc8 {[%emt 0:09:10] [#]} 15. g5 Ng4 {[%emt 0:04:17] [#]} 16. Nf5 $1 $36 {[%emt 0:03:09][%mdl 2560] White is really pushing.} Bxf5 (16... Ne5 17. Bxe5) 17. exf5 Ne5 18. Bxe5 dxe5 {[%emt 0:02:53] [#] Black is weak on the light squares} (18... Bf8 $16) 19. f6 $1 $18 Bf8 20. fxg7 Bxg7 21. Qc4 Qf5 22. Ne4 {[%emt 0:02:49] Nf6+ would now be deadly.} (22. Qxc7 e4 $11) 22... Qf4+ 23. Kb1 Rb6 24. Rd7 Rbe6 25. h4 ({Resist} 25. Rxc7 Qxh2 26. Re1 (26. Rd1 Qh5 $18) 26... a6) 25... Kh8 26. Rxc7 a5 27. a3 h6 28. Rd1 {[%emt 0:00:45] Inhibits Rd8.   Weighted Error Value: White=0.04 (flawless) /Black=0.37.  Mistake:       	---       	Black=1      Inaccurate:     	---       	Black=3      OK:         	White=12    	Black=6      Best:        	White=2     	Black=2} 1-0

[Event "45th FIDE Olympiad 2024"]
[Site "Budapest"]
[Date "2024.09.11"]
[Round "1.12"]
[White "Moayad, Anas"]
[Black "Harikrishna, Pentala"]
[Result "0-1"]
[ECO "B51"]
[WhiteElo "2016"]
[BlackElo "2686"]
[Annotator "TA"]
[PlyCount "66"]
[EventDate "2024.09.05"]
[EventType "team-tourn"]
[EventCountry "HUN"]
[SourceTitle "playchess.com"]
[Source "ChessBase"]
[SourceQuality "1"]
[WhiteTeam "Morocco"]
[BlackTeam "India"]
[WhiteTeamCountry "MAR"]
[BlackTeamCountry "IND"]
[TimeControl "40/5400+30:1800+30"]

1. e4 c5 2. Nf3 Nc6 3. Bb5 d6 4. O-O Bd7 5. Re1 Nf6 6. c3 a6 7. Bf1 Bg4 8. h3 Bxf3 9. Qxf3 g6 10. a4 Bg7 11. Na3 O-O 12. Qd1 Nd7 13. Nc2 Qb6 {[%emt 0:17:03] The position is equal.} 14. d3 Rab8 15. Ne3 Qd8 16. Qc2 b5 17. axb5 axb5 18. Bd2 Qc8 19. f4 e6 20. Kh1 b4 21. Reb1 Qc7 22. Ra6 Nb6 23. Be2 Qb7 24. Raa1 d5 25. exd5 exd5 (25... Nxd5 26. Nxd5 exd5 27. Bf3 $11) 26. Bf3 Qd7 27. Bg4 Qd6 {[%emt 0:02:27] ...d4 is the strong threat.} 28. f5 (28. Ra6 $15) 28... d4 $17 {[%emt 0:01:24] Black is more active.} 29. Nc4 {[%emt 0:00:54] White does not recover from this.} (29. cxd4 $17 Nxd4 30. Qd1) 29... Nxc4 $19 30. dxc4 {[%emt 0:00:01] [#]} dxc3 ({Don't do} 30... h5 31. Bf3 $17) 31. bxc3 {[%emt 0:00:13] [#]} b3 $1 32. Qc1 Qd3 33. Bd1 $2 (33. f6 Bxf6 34. Ra6) 33... Qf1+ {[%emt 0:00:22] Weighted Error Value: White=0.51/Black=0.03 (flawless) .  Mistake:       	White=3     	---        OK:         	White=5     	Black=10     Best:        	---       	Black=3} ({Not} 33... Qxf5 34. Bxb3 Rbd8 35. Bc2 $15) 0-1

[Event "45th FIDE Olympiad 2024"]
[Site "Budapest"]
[Date "2024.09.11"]
[Round "1.13"]
[White "Ashiku, Franc"]
[Black "Bhakta, Bahadur Monger"]
[Result "1-0"]
[ECO "D02"]
[WhiteElo "2400"]
[BlackElo "1911"]
[Annotator "ChessBase"]
[PlyCount "64"]
[EventDate "2024.09.05"]
[EventType "team-tourn"]
[EventCountry "HUN"]
[SourceTitle "playchess.com"]
[Source "ChessBase"]
[SourceQuality "1"]
[WhiteTeam "Albania"]
[BlackTeam "Bhutan"]
[WhiteTeamCountry "ALB"]
[BlackTeamCountry "BTN"]
[TimeControl "40/5400+30:1800+30"]

1. d4 Nf6 2. Nf3 e6 3. Bf4 d5 4. e3 Bd6 5. Nbd2 c5 6. Bg3 Nc6 7. c3 a6 8. Bd3 Ne7 9. e4 Bxg3 10. hxg3 cxd4 11. Nxd4 e5 12. N4f3 Bg4 13. Qc2 Nc6 14. exd5 Qxd5 15. Ne4 O-O-O 16. Nxf6 gxf6 17. Be4 Qc5 18. Bf5+ Bxf5 19. Qxf5+ Kb8 20. O-O Qe7 21. Rfe1 h5 22. Rad1 Qe6 23. Rxd8+ Nxd8 24. Nd4 Qxf5 25. Nxf5 Kc7 26. f3 Ne6 27. Kf2 Nc5 28. Ke2 Rg8 29. Rh1 Rg5 30. Ne3 Kd6 31. f4 Rxg3 32. Nf5+ Kd5 1-0

[Event "45th FIDE Olympiad 2024"]
[Site "Budapest"]
[Date "2024.09.11"]
[Round "1.13"]
[White "Dominguez, Jose Manuel"]
[Black "Wei, Yi"]
[Result "0-1"]
[ECO "B30"]
[WhiteElo "2195"]
[BlackElo "2762"]
[Annotator "TA"]
[PlyCount "92"]
[EventDate "2024.09.05"]
[EventType "team-tourn"]
[EventCountry "HUN"]
[SourceTitle "playchess.com"]
[Source "ChessBase"]
[SourceQuality "1"]
[WhiteTeam "Dominican Republic"]
[BlackTeam "China"]
[WhiteTeamCountry "DOM"]
[BlackTeamCountry "CHN"]
[TimeControl "40/5400+30:1800+30"]

1. e4 c5 2. Nf3 Nc6 3. Be2 Nf6 4. d3 g6 5. O-O Bg7 6. Re1 d5 7. Nbd2 O-O 8. Bf1 {[%emt 0:00:02] The position is equal.} e5 9. c3 Qc7 10. a3 a5 11. a4 h6 12. exd5 Nxd5 13. Nc4 b6 14. Qb3 Be6 15. Bd2 Rfe8 16. h3 Rad8 17. Rad1 f5 18. Bc1 Bf7 19. Qc2 g5 20. Nfd2 Bh5 21. Be2 (21. Nf3 $15) 21... Bg6 {[%emt 0:00:12] Black is more active.} ({Better is} 21... Bxe2 $17 22. Rxe2 Nf4) 22. Nf1 Kh7 23. Nfe3 Nce7 24. Qb3 Nxe3 25. fxe3 Nc8 26. e4 f4 $1 27. Bg4 Rf8 28. Rf1 Rf6 29. h4 gxh4 $17 30. Qc2 Qe7 31. Qe2 Rc6 32. Rf3 (32. Nd2 $17 {was called for.}) 32... Nd6 $19 33. b3 h5 (33... Nxc4 $19 34. bxc4 Qg5) 34. Bh3 $17 Nf7 35. Rff1 Nh6 36. Kh1 {[%emt 0:00:36] [#]} (36. d4 $142 cxd4 (36... exd4 37. e5 $15) 37. cxd4 Rxd4 (37... exd4 38. Rxf4 Kg8 39. Kh1 $11) 38. Rxd4) 36... Rf8 (36... Ng4 $1 $17 37. Qf3 (37. Bxg4 $2 hxg4 38. Qxg4 Bf7 $19) 37... Re6) 37. Nd2 (37. Rde1 $15) 37... Bf7 38. Nc4 {[%emt 0:00:52][%cal Od3d4] [#]} Ng4 $1 39. Bxg4 $2 {[%emt 0:01:13] Now White is beyond hope.} (39. Ba3 $17 {is tougher.}) (39. d4 cxd4) 39... hxg4 $19 {[%emt 0:00:05] Black is clearly winning.} 40. Qxg4 Rh6 {[%emt 0:00:50][%cal Oh4h3] ...h3! is the strong threat.} 41. Qh3 Be6 42. Qh2 h3 {[%emt 0:00:00] ( -> ...hxg2+)} 43. g3 fxg3 44. Qxg3 Rg6 {[%emt 0:00:00] Repels Bg5} 45. Qe1 Bg4 46. Rxf8 Qxf8 {[%emt 0:00:00] Weighted Error Value: White=0.49/Black=0.17 (very precise) .  Loses game:     	White=1     	---        Mistake:       	White=5     	Black=3      Inaccurate:     	White=1     	Black=2      OK:         	White=12    	Black=18     Best:        	White=2     	Black=1      Strong:       	---       	Black=1} 0-1

[Event "45th FIDE Olympiad 2024"]
[Site "Budapest"]
[Date "2024.09.11"]
[Round "1.14"]
[White "Yu, Yangyi"]
[Black "Araujo Sanchez, Josue"]
[Result "1-0"]
[ECO "B12"]
[WhiteElo "2703"]
[BlackElo "2296"]
[Annotator "TA"]
[PlyCount "43"]
[EventDate "2024.09.05"]
[EventType "team-tourn"]
[EventCountry "HUN"]
[SourceTitle "playchess.com"]
[Source "ChessBase"]
[SourceQuality "1"]
[WhiteTeam "China"]
[BlackTeam "Dominican Republic"]
[WhiteTeamCountry "CHN"]
[BlackTeamCountry "DOM"]
[TimeControl "40/5400+30:1800+30"]

1. e4 c6 2. d4 a6 3. Nd2 d5 4. e5 c5 5. Ngf3 Nc6 6. dxc5 Bg4 7. h3 Bxf3 8. Nxf3 {[%emt 0:02:30][%cal Ob2b4] White is slightly better.} e6 9. Be3 Qc7 10. c3 Nxe5 (10... g6 $14) 11. Nxe5 $16 Qxe5 12. Qa4+ Kd8 13. O-O-O {[%emt 0:16:27] Bf4 would now be deadly.} Qc7 14. b4 {[%emt 0:02:05] c4 is the strong threat. White has more active pieces.} Ne7 {[%emt 0:00:58] [#]} (14... Qc6 $16 {was necessary.} 15. Qb3 Nf6) 15. c4 $1 $18 {[%emt 0:01:20] And now cxd5 would win.} Qc6 16. Qa5+ ({Better is} 16. Qb3 $18) 16... Kc8 (16... Ke8 $16 17. Bd3 dxc4 18. Bxc4 Qc8 19. Qa4+ Nc6) 17. Be2 {[%emt 0:07:03] Threatens to win with cxd5.} g6 18. Bf3 Bg7 19. Rhe1 {[%emt 0:08:13] Black must now prevent Bf4.} Rd8 (19... b5 $16) 20. Bf4 {[%emt 0:03:08] Strongly threatening cxd5.} Bf6 $2 (20... b6 21. Qxb6 Qxb6 22. cxb6 Kb7) 21. cxd5 Nxd5 {[%emt 0:00:51] [#]} (21... exd5 $142 22. Kb1 h5) 22. Rxd5 $1 {[%emt 0:00:36][%mdl 512] Weighted Error Value: White=0.19 (very precise) /Black=0.44.  Mistake:       	White=1     	Black=6      Inaccurate:     	White=1     	---        OK:         	White=6     	Black=6      Best:        	White=1     	---        Brilliant:      	White=1     	---} 1-0